 Dungeon Crawl Stone Soup version 0.31-a0-232-gb1c03b2570 (webtiles) character file.

Game seed: 14095418060424098935

76 qw the Shooter (level 4, -1/36 HPs)
             Began as a Minotaur Hexslinger on July 6, 2023.
             Shot with an arrow by a centaur (7 damage)
             ... on level 5 of the Dungeon.
             The game lasted 00:00:27 (1429 turns).

qw the Shooter (Minotaur Hexslinger)                Turns: 1429, Time: 00:00:27

Health: -1/36      AC:  6    Str: 12    XL:     4   Next: 12%
Magic:  4/4        EV: 11    Int: 10    God:
Gold:   57         SH:  0    Dex: 15    Spells: 4/5 levels left

rFire   . . .        Y - +3 sling
rCold   . . .        (no shield)
rNeg    . . .        b - +0 ring mail
rPois   .            (helmet restricted)
rElec   .            d - +0 cloak
rCorr   .            (no gloves)
SInv    .            (no boots)
Will    .....        (no amulet)
Stlth   +            (no ring)
HPRegen 0.26/turn    (no ring)
MPRegen 0.09/turn

%: no passive effects
@: no status effects
A: horns 2, retaliatory headbutt
a: no special abilities


You were on level 5 of the Dungeon.
You visited 1 branch of the dungeon, and saw 5 of its levels.

You collected 57 gold pieces.


Innate Abilities, Weirdness & Mutations

You have a pair of horns on your head.
You reflexively headbutt those who attack you in melee.


   Skills:
 - Level 2.0 Fighting
 + Level 4.0 Ranged Weapons
 - Level 2.2 Armour
 - Level 2.1 Dodging
 - Level 1.0 Spellcasting
 - Level 2.0 Hexes


You had 4 spell levels left.
You knew the following spells:

 Your Spells              Type           Power      Damage    Failure   Level
a - Slow                  Hex            16%        N/A       32%         1

Your spell library contained the following spells:

 Spells                   Type           Power      Damage    Failure   Level
 Inner Flame              Hex/Fire       2%         N/A       83%         3
 Portal Projectile        Hex/Tloc       4%         N/A       83%         3
 Cause Fear               Hex            2%         N/A       97%         4

Inventory:

Hand Weapons
 Y - a +3 sling (weapon)
Armour
 b - a +0 ring mail (worn)
 d - a +0 cloak (worn)
Potions
 a - a potion of attraction {unknown}
 e - a potion of heal wounds {unknown}

Dungeon Overview and Level Annotations

Branches:
Dungeon (6/15)
 Temple: D:4-7

Altars:
Gozag

Shops:
D:6 [


Message History

The jelly is almost dead.
The jelly hits you but does no damage.
You shoot a sling bullet. The sling bullet hits the jelly!
You kill the jelly!
Your Armour skill gained 2 levels and is now at level 2!
You have reached level 4!
You feel agile.
(D) Dungeon
Where to? (* - list waypoints, Enter - D:3, ? - help)
What level of the Dungeon? (default 1, ? - help)
Found a stone staircase leading down.
There is a stone staircase leading up here.
You climb upwards.
There is a stone staircase leading down here.
Waypoint 4 assigned to D:5.
A centaur comes into view.
The centaur shouts!
The centaur wields a +0 shortbow.
The centaur shoots an arrow.
The arrow hits you but does no damage.
You shoot a sling bullet.
The sling bullet closely misses the centaur.
The centaur shoots an arrow.
The arrow hits you.
The centaur shoots an arrow.
The arrow hits you.
You shoot a sling bullet. The sling bullet hits the centaur!
The centaur is moderately wounded.
The centaur shoots an arrow.
The arrow hits you.
You shoot a sling bullet.
The sling bullet hits the centaur but does no damage.
The centaur is moderately wounded.
The centaur shoots an arrow.
The arrow hits you.
The centaur shoots an arrow.
The arrow closely misses you.
You shoot a sling bullet.
The sling bullet hits the centaur but does no damage.
The centaur is moderately wounded.
The centaur shoots an arrow.
The arrow hits you.
The centaur shoots an arrow.
The arrow hits you.
You shoot a sling bullet.
The sling bullet closely misses the centaur.
The centaur shoots an arrow.
The arrow hits you!
The centaur shoots an arrow.
The arrow hits you!
You die...

###### +...># ####.#
#.####### #.......#
#.......#
############.......#
.c.....@...........+
############.......#
#.......# #.......#
#.......# #.#######
#.# #.#


You could see a centaur.

Vanquished Creatures
  A jelly (D:6)
  An adder (D:2)
  4 bats
  7 endoplasms
  2 giant cockroaches
  3 goblins
  4 hobgoblins
  A quokka (D:3)
  4 ball pythons
  5 frilled lizards
  A kobold (D:2)
  2 rats
35 creatures vanquished.

Notes
Turn   | Place    | Note
-------+----------+-------------------------------------------
     0 | D:1      | qw the Minotaur Hexslinger began the quest for the Orb.
     0 | D:1      | Reached XP level 1. HP: 16/16 MP: 1/1
     0 | D:1      | 0 ||| qw: Version: 0.3-a-46-gb1f654a
     0 | D:1      | 0 ||| qw: Game counter: 2085
     0 | D:1      | 0 ||| qw: Melee chars always use a shield: true
     0 | D:1      | 0 ||| qw: God list: Okawaru
     0 | D:1      | 0 ||| qw: Allow faded altars: false
     0 | D:1      | 0 ||| qw: Do Orc after clearing Dungeon:15 true
     0 | D:1      | 0 ||| qw: Do second Lair branch before Depths: true
     0 | D:1      | 0 ||| qw: Lair rune preference: random
     0 | D:1      | 0 ||| qw: Goals: Normal
     0 | D:1      | 0 ||| PLANNING D:1-11
   190 | D:1      | Reached skill level 3 in Ranged Weapons
   199 | D:1      | Reached XP level 2. HP: 23/23 MP: 2/2
   335 | D:1      | Found a faded altar of an unknown god.
   661 | D:1      | 661 ||| READING 2 scrolls labelled IPRUYCKIRESM.
   662 | D:1      | 662 ||| READING scroll of enchant weapon.
   662 | D:1      | 662 ||| ENCHANTING +2 sling.
   663 | D:1      | 663 ||| READING scroll labelled VABA ZAOQUUZ.
   664 | D:1      | 664 ||| DROPPING scroll of poison.
   943 | D:2      | Reached XP level 3. HP: 17/29 MP: 3/3
  1073 | D:2      | Found an opulent altar of Gozag.
  1278 | D:2      | Reached skill level 4 in Ranged Weapons
  1361 | D:2      | 1361 ||| UPGRADING to +0 ring mail.
  1371 | D:2      | 1371 ||| DROPPING +0 robe.
  1372 | D:2      | 1372 ||| UPGRADING to +0 cloak.
  1388 | D:3      | You fall into a shaft and drop 3 floors!
  1388 | D:6      | Found Fitwach's Antique Armour Boutique.
  1404 | D:6      | Reached XP level 4. HP: 36/36 MP: 4/4
  1412 | D:5      | Entered Level 5 of the Dungeon
  1424 | D:5      | Noticed a centaur
  1429 | D:5      | HP: 6/36 [centaur/arrow (11)]
  1429 | D:5      | Shot with an arrow by a centaur

Levels and vault maps discovered:
D:1:      minmay_arrival_shoal_huts, layout_basic, serial_forest,
          infiniplex_forest_zigzag_1, infiniplex_forest_clump_large,
          infiniplex_forest_lined_1, infiniplex_forest_lined_room_2,
          infiniplex_forest_zigzag_1, infiniplex_forest_straight_5,
          ebering_ecumenical_altar_sacrificial
D:2:      layout_loops_ring, basic_altar
D:3:      cheibrodos_greedy_goblins, layout_basic,
          nicolae_sif_muna_condensation, serial_shops, nicolae_shop_mannequins,
          minmay_misc_feat_columns, uniq_terence
D:5:      layout_basic
D:6:      layout_cave_pools, serial_shops, nicolae_shop_peninsula, shop, shop,
          nicolae_concentric_dashed_squares_mild, nrook_campfire,
          lemuel_flame_loot_1

Skill      XL: |  1  2  3 |
---------------+----------+-----
Ranged Weapons | 3 4 |  4.0
Fighting       | 2 |  2.0
Armour         | 2 |  2.2
Dodging        | |  2.1
Spellcasting   | |  1.0
Hexes          | |  2.0

Action                     |  1- 3 |  4- 6 || total
---------------------------+-------+-------++-------
   Fire: Sling             |    85 |     5 ||    90
    Use: Scroll            |     3 |       ||     3
 Armour: Robe              |     4 |       ||     4
         Ring mail         |     1 |     1 ||     2
  Dodge: Dodged            |    19 |     1 ||    20

Table legend:
 A = Non-vault XP
 B = Vault XP
 C = Vault XP percentage of total XP
 D = Non-vault monster count
 E = Vault monster count
 F = Vault count percentage of total count
                 A         B        C        D         E       F
            +---------+---------+-------+---------+---------+-------
      Total |     109 |       0 |   0.0 |      35 |       0 |   0.0
            +---------+---------+-------+---------+---------+-------
        D:1 |      21 |       0 |   0.0 |      13 |       0 |   0.0
        D:2 |      43 |       0 |   0.0 |      20 |       0 |   0.0
        D:3 |       2 |       0 |   0.0 |       1 |       0 |   0.0
        D:6 |      43 |       0 |   0.0 |       1 |       0 |   0.0
            +---------+---------+-------+---------+---------+-------
